 Dungeon Crawl Stone Soup version 0.31.0-32-g396128a36d (webtiles) character file.

Game seed: 8979721496583961171

1152 BoneyBoi1234 the Gusty (level 8, -3/66 HPs)
             Began as a Yellow Draconian Air Elementalist on Mar 27, 2024.
             Slain by a gnoll
             ... wielding a +1 flail of protection
             ... led by a gnoll bouda
              (9 damage)
             ... on level 5 of the Dungeon.
             The game lasted 00:11:22 (4382 turns).

BoneyBoi1234 the Gusty (DrAE)                       Turns: 4382, Time: 00:11:24

Health: -3/66      AC:  8    Str:  9 (11) XL:     8   Next: 16%
Magic:  1/13       EV: 12    Int: 16 (18) God:
Gold:   203        SH:  0    Dex:  9 (11) Spells: 8/14 levels left

rFire   . . .        o - +0 quarterstaff
rCold   . . .        (shield currently unavailable)
rNeg    . . .        (body armour unavailable)
rPois   .            (helmet restricted)
rElec   .            (no cloak)
rCorr   +            h - +0 pair of gloves
SInv    .            k - +0 pair of boots
Will    .....        (no amulet)
Stlth   ++           (no ring)
HPRegen 0.31/turn    (no ring)
MPRegen 0.13/turn

%: no passive effects
@: swift (expiring), very quick
A: spit acid, AC +6, unfitting armour, cold-blooded, acid resistance
a: Breathe Acid


You were on level 5 of the Dungeon.
You visited 1 branch of the dungeon, and saw 5 of its levels.

You collected 203 gold pieces.

Inventory:

Hand Weapons
 d - a +3 heavy spear
 o - a +0 quarterstaff (weapon)
 x - a +2 scimitar of draining
Missiles
 s - a throwing net
Armour
 h - a +0 pair of gloves (worn)
 k - a +0 pair of boots (worn)
Jewellery
 p - a ring of ice
Wands
 m - a wand of flame (18)
 w - a wand of iceblast (14)
Scrolls
 a - a scroll of brand weapon {unknown}
 c - a scroll of enchant armour {unknown}
 e - a scroll of fear {unknown}
 i - 2 scrolls of teleportation {unknown}
 j - a scroll of amnesia {unknown}
 n - 2 scrolls of identify {unknown}
 u - a scroll of revelation {unknown}
 v - a scroll of summoning {unknown}
Potions
 b - 2 potions of curing
 g - a potion of lignification {unknown}
 l - a potion of berserk rage {unknown}
 q - a potion of haste {unknown}
 r - a potion of heal wounds {unknown}
 t - a potion of mutation {unknown}


   Skills:
 + Level 3.9 Fighting
 - Level 2.2(2.8) Polearms
 + Level 2.5(3.0) Staves
 + Level 3.8 Dodging
 - Level 2.0 Stealth
 + Level 3.9 Spellcasting
 - Level 3.4 Conjurations
 + Level 4.8 Air Magic
 + Level 2.4 Evocations


You had 8 spell levels left.
You knew the following spells:

 Your Spells              Type           Power      Damage    Failure   Level
a - Shock                 Conj/Air       64%        1d7       3%          1
b - Static Discharge      Conj/Air       32%        3-5/arc   4%          2
c - Swiftness             Air            18%        N/A       7%          3

Your spell library contained the following spells:

 Spells                   Type           Power      Damage    Failure   Level
 Airstrike                Air            9%         2d(2-18)  24%         4


Dungeon Overview and Level Annotations

Branches:
Dungeon (5/15)
 Temple: D:4-7

Altars:
Elyvilon
Kikubaaqudgha
Wu Jian
Xom


Innate Abilities, Weirdness & Mutations

You can spit globs of acid.
Your golden yellow scales are hard. (AC +6)
You cannot fit into any form of body armour.
You are cold-blooded and may be slowed by cold attacks.
You are resistant to acid. (rCorr)


Message History

There was something very wrong with that liquid.
You feel weakened.
You feel dopey.
You feel clumsy. The orc hits you but does no damage.
The gnoll hits you with a +0 whip.
* * * LOW HITPOINT WARNING * * *
The orc wizard casts a spell.
The orc wizard flickers and vanishes!
The gnoll misses you. The gnoll barely misses you.
The gnoll hits you but does no damage. The gnoll completely misses you.
You hear a shout!
You feel better. The orc hits you with a +0 falchion.
The gnoll barely misses you.
The orc priest looks encouraged for a moment.
The gnoll completely misses you.
The gnoll hits you with a +0 halberd of protection.
The gnoll hits you with a +1 flail of protection.
* * * LOW HITPOINT WARNING * * *
The gnoll closely misses you.
Okay, then.
Casting: Static Discharge (safe; 4% risk of failure)
Confirm with . or Enter, or press ? or * to list all spells.
You don't have enough magic to cast this spell.
You barely miss the gnoll. The orc closely misses you.
The orc priest hits you but does no damage.
The gnoll hits you but does no damage. x2
The gnoll hits you with a +0 halberd of protection!
* * * LOW HITPOINT WARNING * * *
The gnoll completely misses you. The gnoll hits you but does no damage.
Unknown command.
You hit the gnoll but do no damage. The orc closely misses you.
The orc priest hits you but does no damage.
The gnoll hits you but does no damage.
A gnoll comes into view.
It is wielding a +0 spear and quivering a throwing net.
The gnoll bouda barks out a call to the hunt!
The gnoll picks up the pace!
The gnoll hits you from afar with a +0 spear.
* * * LOW HITPOINT WARNING * * *
The gnoll hits you with a +0 halberd of protection.
* * * LOW HITPOINT WARNING * * *
The gnoll hits you with a +1 flail of protection!
You die...

.....# ## ....g.
..## ......#
...#
.......###..#
.....%......#
........o..#
.......g.####
......ogogo.##
......##g@g..##
.#####.####g...#
..#.##...>....##
. ........g....#
.. #........####
..)####.g..o#
....†.......#
...#)......##
#........#


You could see a gnoll bouda, 2 orc priests, 6 gnolls and 2 orcs.

Vanquished Creatures
  Grinder (D:3)
  Sigmund (D:3)
  Edmund (D:4)
  An ice beast (D:5)
  A kobold brigand (D:4)
  3 scorpions
  2 hounds (D:4)
  An orc priest (D:5)
  A gnoll bouda (D:5)
  4 gnolls (D:3)
  11 adders
  A white imp (D:3)
  3 ribbon worms
  2 dart slugs
  3 orcs
  6 endoplasms
  A giant cockroach (D:1)
  8 goblins
  4 hobgoblins
  2 jackals (D:2)
  A quokka (D:2)
  A ball python (D:2)
  4 bats
  3 frilled lizards (D:1)
  3 kobolds
  6 rats
75 creatures vanquished.

Notes
Turn   | Place    | Note
-------+----------+-------------------------------------------
     0 | D:1      | BoneyBoi1234 the Draconian Air Elementalist began the quest
                  | for the Orb.
     0 | D:1      | Reached XP level 1. HP: 14/14 MP: 3/3
   451 | D:1      | Reached XP level 2. HP: 20/20 MP: 5/5
   631 | D:1      | Learned a level 2 spell: Static Discharge
  1100 | D:2      | Found a faded altar of an unknown god.
  1227 | D:2      | Reached XP level 3. HP: 17/27 MP: 4/6
  1578 | D:2      | Reached skill level 1 in Fighting
  1699 | D:2      | Reached skill level 1 in Polearms
  1803 | D:2      | Reached XP level 4. HP: 35/35 MP: 2/7
  2096 | D:2      | You fall into a shaft and drop 2 floors!
  2203 | D:4      | Found a shimmering altar of Xom.
  2206 | D:4      | Found an ornate altar of the Wu Jian Council.
  2209 | D:4      | Found a white marble altar of Elyvilon.
  2341 | D:4      | Noticed Edmund
  2355 | D:4      | Killed Edmund
  2356 | D:4      | Reached XP level 5. HP: 14/41 MP: 0/9
  2472 | D:4      | Reached XP level 6. HP: 44/48 MP: 0/10
  2790 | D:3      | Reached skill level 4 in Air Magic
  2849 | D:3      | Noticed Sigmund
  2864 | D:3      | Killed Sigmund
  2865 | D:3      | Reached skill level 1 in Staves
  2865 | D:3      | Reached skill level 1 in Evocations
  2865 | D:3      | Your scales start taking on a golden yellow colour.
  2865 | D:3      | Reached XP level 7. HP: 36/56 MP: 5/11
  2865 | D:3      | Gained mutation: You are resistant to acid. (rCorr) [Yellow
                  | Draconian growth]
  3004 | D:3      | Noticed Grinder
  3033 | D:3      | Paralysed by Grinder for 4 turns
  3048 | D:3      | Killed Grinder
  3468 | D:3      | Learned a level 3 spell: Swiftness
  3985 | D:4      | Found an ancient bone altar of Kikubaaqudgha.
  4297 | D:5      | Entered Level 5 of the Dungeon
  4302 | D:5      | Reached XP level 8. HP: 54/66 MP: 7/13
  4382 | D:5      | Slain by a gnoll

Illustrated notes

Levels and vault maps discovered:
D:1:      ncdulo_halloftheorcs, layout_basic, minmay_pentomino_o4
D:2:      minmay_angry_zag, layout_basic, nicolae_ecumenical_pavilion
D:3:      minmay_bubble_buster, layout_loops_corners, uniq_sigmund, uniq_grinder
D:4:      layout_loops_ring, grunt_temple_overflow_cloverleaf, uniq_edmund
D:5:      layout_cave_pools, portal_sewer_entry_b, minmay_misc_feat_x

Skill      XL: |  1  2  3  4  5  6  7 |
---------------+----------------------+-----
Stealth        | 2 |  2.0
Dodging        | 2 3 |  3.8
Fighting       | 1 2 3 |  3.9
Polearms       | 1 2 |  2.2
Conjurations   | 2 3 |  3.4
Spellcasting   | 3 |  3.9
Air Magic      | 4 |  4.8
Staves         | 1 2 |  2.5
Evocations     | 1 2 |  2.4

Action                     |  1- 3 |  4- 6 |  7- 9 || total
---------------------------+-------+-------+-------++-------
  Melee: Spear             |    24 |    17 |       ||    41
         Short sword       |     2 |       |       ||     2
         Tailslap          |       |     3 |     9 ||    12
         Quarterstaff      |       |    13 |    73 ||    86
   Cast: Shock             |    58 |    32 |    40 ||   130
         Static Discharge  |       |     5 |     6 ||    11
         Swiftness         |       |       |     1 ||     1
    Use: Potion            |       |     1 |     4 ||     5
   Stab: Sleeping          |       |       |     1 ||     1
 Armour: Skin              |    15 |    49 |    70 ||   134
  Dodge: Dodged            |    25 |    38 |    73 ||   136
